 Dungeon Sprint DCSS version 0.31-a0-700-gf13585253f (webtiles) character file.

Game seed: 5927846030470566914

597 fingers the Arsonist (level 7, -5/56 HPs)
             Began as a Hill Orc Fire Elementalist on Sept 7, 2023.
             Killed from afar by a deep elf zephyrmancer (11 damage)
             ... with a bolt of lightning
             ... in the Dungeon (Sprint V: "Ziggurat Sprint").
             The game lasted 00:01:55 (427 turns).

fingers the Arsonist (Hill Orc Fire Elementalist)    Turns: 427, Time: 00:01:56

Health: -5/56      AC: 13    Str: 19    XL:     7   Next: 40%
Magic:  15/15      EV: 10    Int: 15    God:
Gold:   0          SH:  0    Dex: 11    Spells: 14/17 levels left

rFire   + + +        z - +16 obsidian axe {drain, demonic, Mesm Drain Fly SInv}
rCold   x x .        (no shield)
rNeg    . . .        B - +5 fire dragon scales
rPois   .            (no helmet)
rElec   +            (no cloak)
rCorr   .            (no gloves)
SInv    +            (no boots)
Will    .....        D - amulet of the Air {Inacc Air Fly rElec RMsl}
Stlth   +            E - ring of fire
HPRegen 0.29/turn    x - +6 ring of strength
MPRegen 0.14/turn

%: no teleportation, inaccuracy (-5), repel missiles
@: flying, mesmerised
A: no striking features
a: no special abilities


You were in the Dungeon.
You visited 1 branch

Inventory:

Hand Weapons
 z - the +16 obsidian axe (weapon) {drain, demonic, Mesm Drain Fly SInv}
   (You found it in the Dungeon)

   Mesm:      Its wielder is mesmerised by any visible foes, and it cannot be
   unequipped while any foes are visible.
   SInv:      It lets you see invisible.
   Fly:       It grants you flight.
   Drain:     It drains your maximum health when unequipped.
Armour
 a - a +0 robe
 A - the +18 shield of the Gong {Loud rN+ Will+ rCorr EV-5}
   (You found it in the Dungeon)

   Loud:      It is deafeningly noisy when blocking attacks.
   EV-5:      It affects your evasion (-5).
   rN+:       It protects you from negative energy.
   Will+:     It increases your willpower.
   rCorr:     It protects you from acid and corrosion.
 B - +5 fire dragon scales (worn)
Jewellery
 s - a ring of flight
 t - a +6 ring of dexterity
 u - a +6 ring of dexterity
 v - a +6 ring of intelligence
 w - a +6 ring of intelligence
 x - a +6 ring of strength (right hand)
 y - a +6 ring of strength
 C - a ring of willpower
 D - the amulet of the Air (around neck) {Inacc Air Fly rElec RMsl}
   (You found it in the Dungeon)

   [amulet of nothing]

   Inacc:     It reduces the accuracy of your attacks and spells.
   Air:       It enhances your air magic.
   rElec:     It insulates you from electricity.
   Fly:       It grants you flight.
   RMsl:      It protects you from missiles.
 E - a ring of fire (left hand)
 F - a +6 ring of dexterity
 H - a +4 ring of protection
Wands
 q - a wand of mindburst (7)
 r - a wand of acid (7)
 I - a wand of roots (4)
Scrolls
 g - 4 scrolls of blinking
 m - 4 scrolls of amnesia
 n - 7 scrolls of fog
 o - 5 scrolls of identify
 p - 2 scrolls of fear
 G - a scroll of brand weapon
Potions
 b - 8 potions of magic
 c - 10 potions of curing
 d - 10 potions of heal wounds
 e - 6 potions of haste
 f - 3 potions of berserk rage
 h - 2 potions of brilliance
 i - 2 potions of invisibility
 j - 4 potions of resistance
 k - a potion of experience
 l - 5 potions of might


   Skills:
 + Level 2.9 Fighting
 + Level 8.4 Axes
 + Level 2.1 Armour
 + Level 4.2 Dodging
 + Level 3.7 Stealth
 + Level 5.5 Spellcasting
 + Level 2.5 Conjurations
 + Level 11.1 Fire Magic


You had 14 spell levels left.
You knew the following spells:

 Your Spells              Type           Power      Damage    Failure   Level
a - Foxfire               Conj/Fire      100%       2x1d9     3%          1
b - Scorch                Fire           100%       2d9       1%          2

Your spell library contained the following spells:

 Spells                   Type           Power      Damage    Failure   Level
 Inner Flame              Hex/Fire       31%        N/A       19%         3
 Volatile Blastmotes      Fire/Tloc      62%        2d15      19%         3
 Flame Wave               Conj/Fire      37%        2d10      34%         4
 Ignite Poison            Fire/Tmut/Pois 22%        N/A       36%         3
 Lee's Rapid Deconstruct  Erth           2%         3d4*      100%        5
 Yara's Violent Unravell  Hex/Tmut       2%         3d3       100%        5
 Enfeeble                 Hex            2%         N/A       100%        7
 Shatter                  Erth           2%         3d6*      100%        9


Dungeon Overview and Level Annotations

Branches:
Dungeon (1/1)

Altars:
Ashenzari
Cheibriados
Dithmenos
Elyvilon
Fedhas
Gozag
Hepliaklqana
Kikubaaqudgha
Makhleb
Nemelex Xobeh
Okawaru
Qazlal
Ru
Sif Muna
Trog
Uskayaw
Vehumet
Wu Jian
Xom
Yredelemnul
Zin
The Shining One
Beogh
Jiyva
Lugonu

Annotations:
D 1 transporter


Message History

The hell hound is heavily wounded.
You slash the iron imp!
You kill the iron imp!
The hell hound barely misses you. The hell hound misses you.
You miss the hell hound.
The hell hound is heavily wounded.
The hell hound closely misses you. The hell hound barely misses you.
You barely miss the hell hound.
The hell hound is heavily wounded.
The hell hound bites you. The hell hound barely misses you.
You miss the hell hound.
The hell hound is heavily wounded.
The hell hound bites you but does no damage.
You slice the hell hound!!
You are no longer entranced.
You kill the hell hound!
Your Axes skill increases to level 8!
Your Armour skill increases to level 2!
Your Fire Magic skill increases to level 11!
You see here the +0 long sword of Feniu {freeze, Int+3}.
I - a wand of roots (4)
You pick up the Tome of Rocky Incandescence and begin reading...
You add the spells Ignite Poison, Lee's Rapid Deconstruction and Shatter to your library.
There is a transporter here.
Welcome to arena 6.
You enter the transporter and appear at another place.
A +6 war axe of venom, a +1 glaive of venom, a hog and 3 elves come into view.
Visions of slaying the deep elf knight flood into your mind.
The deep elf zephyrmancer shouts!
The deep elf knight shouts! x2
The deep elf knight wields a +0 shortbow.
The deep elf knight shoots an arrow.
The arrow hits you!
Found six items.
Found a transporter.
Visions of slaying the deep elf zephyrmancer flood into your mind.
The deep elf knight gestures at you while chanting.
The shard of ice hits you!!!
You feel a painful chill!
Ouch! That really hurt!
* * * LOW HITPOINT WARNING * * *
The deep elf zephyrmancer points at you and mumbles some strange words.
The bolt of lightning hits you! You resist.
You die...

▓▓▓▓▓▓▓▓▓▓▓▓▓▓▓▓▓▓▓
▓..8©8..▓ ▓..)=[..▓
▓..(e)..▓ ▓..e.eh.▓
▓.(.....▓ ▓.......▓
▓.......▓ ▓.▓.@.▓.▓
▓...©...▓ ▓▓▓▓▓▓▓▓▓


You could see 2 deep elf knights, a deep elf zephyrmancer (mesmerising), a hog
and 2 dancing weapons.

Vanquished Creatures
  A ynoxinul (D)
  A hell hound (D)
  A sky beast (shapeshifter) (D)
  An ice beast (D)
  A quasit (D)
  An orc priest (D)
  An iron imp (D)
  An orc wizard (D)
  2 white imps (D)
  2 ufetubi (D)
  A worm (shapeshifter) (D)
  2 orcs (D)
  A bat zombie (D)
  A ball python simulacrum (D)
  A bat simulacrum (D)
18 creatures vanquished.

Vanquished Creatures (others)
  3 foxfires (D)
3 creatures vanquished.

Grand Total: 21 creatures vanquished

Notes
Turn   | Place    | Note
-------+----------+-------------------------------------------
     0 | D        | fingers the Hill Orc Fire Elementalist began the quest for
                  | the Orb.
     0 | D        | Reached XP level 1. HP: 14/14 MP: 3/3
     0 | D        | Found a shimmering blue altar of Sif Muna.
     0 | D        | Found a bloodstained altar of Trog.
     0 | D        | Found a sacrificial altar of Ru.
     0 | D        | Found a stormy altar of Qazlal.
     0 | D        | Found an iron altar of Okawaru.
     1 | D        | Found a sparkling altar of Nemelex Xobeh.
     1 | D        | Found a blossoming altar of Fedhas.
     1 | D        | Found the +6 Majin-Bo {spellvamp, MP+6 Int+6}
     1 | D        | Found the +27 heavy crossbow "Sniper" {heavy, Acc+∞ SInv}
     1 | D        | Found the +10 dark maul {heavy}
     1 | D        | Found the +15 Maxwell's patent armour {-Cast -Tele rElec
                  | Will+ rCorr}
     1 | D        | Found the +18 shield of the Gong {Loud rN+ Will+ rCorr
                  | EV-5}
     1 | D        | Found the +16 obsidian axe {drain, demonic, Mesm Drain Fly
                  | SInv}
     1 | D        | Found the +7 great mace "Firestarter" {flame, immolate,
                  | rFlCloud rF++}
     1 | D        | Found the +6 shillelagh "Devastator" {shatter}
     1 | D        | Found the +11 plutonium sword {Contam Stlth-}
     1 | D        | Found the +8 lance "Wyrmbane" {slay drac, rPois rF+ rC+
                  | AC+3}
     1 | D        | Found the +9 sword of Zonguldrok {reap}
     1 | D        | Found the +13 scythe of Curses {drain, curses, Drain}
     1 | D        | Found the +9 sword of Power {lifebolt}
     1 | D        | Found the +7 mace of Variability {chaos, chaos arc}
     1 | D        | Found the +11 Singing Sword {sonic wave}
     1 | D        | Found the +8 storm bow {elec, penet}
     3 | D        | Found a transporter.
     3 | D        | Found an ancient bone altar of Kikubaaqudgha.
     3 | D        | Found a viscous altar of Jiyva.
     3 | D        | Found a corrupted altar of Lugonu.
     3 | D        | Found a hazy altar of Hepliaklqana.
     3 | D        | Found a burning altar of Makhleb.
     3 | D        | Found an opulent altar of Gozag.
    57 | D        | Entered arena 2.
    57 | D        | Noticed a sky beast
    57 | D        | Found a transporter.
    61 | D        | Killed a sky beast
    62 | D        | Reached skill level 7 in Fire Magic
    62 | D        | Reached XP level 2. HP: 18/20 MP: 3/6
    62 | D        | Reached XP level 3. HP: 24/26 MP: 3/7
    62 | D        | Reached XP level 4. HP: 30/33 MP: 3/9
    71 | D        | Entered arena 3.
    71 | D        | Found the amulet of the Air {Inacc Air Fly rElec RMsl}
    71 | D        | Noticed a ynoxinul
    71 | D        | Found a transporter.
    76 | D        | Killed a ynoxinul
    77 | D        | Reached skill level 5 in Axes
    77 | D        | Reached skill level 9 in Fire Magic
    77 | D        | Reached XP level 5. HP: 33/39 MP: 3/11
    77 | D        | Reached XP level 6. HP: 39/46 MP: 3/12
    80 | D        | Reached skill level 1 in Armour
    80 | D        | Reached skill level 10 in Fire Magic
   148 | D        | Learned a level 2 spell: Scorch
   149 | D        | Entered arena 4.
   149 | D        | Found a transporter.
   153 | D        | Reached skill level 1 in Fighting
   226 | D        | Entered arena 5.
   226 | D        | Noticed an ice beast
   226 | D        | Found a transporter.
   238 | D        | Killed an ice beast
   239 | D        | Reached skill level 5 in Spellcasting
   239 | D        | Reached XP level 7. HP: 30/55 MP: 8/14
   330 | D        | Entered arena 6.
   330 | D        | Found a transporter.
   345 | D        | Reached skill level 11 in Fire Magic
   424 | D        | Got the Tome of Rocky Incandescence
   426 | D        | Entered arena 7.
   426 | D        | Noticed a +6 war axe of venom
   426 | D        | Noticed a +1 glaive of venom
   426 | D        | Noticed a hog
   426 | D        | Noticed a deep elf zephyrmancer
   426 | D        | Noticed a deep elf knight
   426 | D        | Noticed a deep elf knight
   427 | D        | Found a transporter.
   427 | D        | Killed from afar by a deep elf zephyrmancer

Illustrated notes

Levels and vault maps discovered:
D:        sprint_v [room_start, room_1, room_2, room_3, room_4, room_5, room_6,
          room_7, room_8, room_9, room_10, room_11, room_12, room_13, room_14,
          room_15, room_16, room_17, room_18, room_19, room_20, room_21,
          room_22, room_23, room_24, room_25, room_26, room_27]

Skill      XL: |  1  2  3  4  5  6  7 |
---------------+----------------------+-----
Axes           | 3 5 7 8 |  8.4
Dodging        | 2 3 4 |  4.2
Stealth        | 2 3 |  3.7
Spellcasting   | 3 4 5 |  5.5
Fire Magic     | 7 9 10 11 | 11.1
Conjurations   | 2 |  2.5
Armour         | 1 2 |  2.1
Fighting       | 2 |  2.9

Action                     |  1- 3 |  4- 6 |  7- 9 || total
---------------------------+-------+-------+-------++-------
  Melee: Broad axe         |     3 |    15 |     7 ||    25
   Cast: Foxfire           |     1 |     1 |       ||     2
         Scorch            |       |     5 |     5 ||    10
 Armour: Fire dragon scale |     3 |    33 |    23 ||    59
  Dodge: Dodged            |     1 |    19 |    25 ||    45

Table legend: (Time is in decaauts)
 A = Elapsed time spent in this place.
 B = Non-inter-level travel time spent in this place.
 C = Inter-level travel time spent in this place.
 D = Time resting spent in this place.
 E = Time spent auto-exploring this place.
 F = Levels seen in this place.
 G = Mean time per level.
                   A        B        C        D        E       F      G
               +--------+--------+--------+--------+--------+-----+--------+
         Total |    434 |    434 |      0 |      0 |    261 |   1 |  434.0 |
       Dungeon |    434 |    434 |      0 |      0 |    261 |   1 |  434.0 |
               +--------+--------+--------+--------+--------+-----+--------+

Top non-repeatable levels by time:
       D: 434 daAuts
